 Dungeon Crawl Stone Soup version 0.25.0-9-g26727b6 (webtiles) character file.

Game seed: 2964277265543035118

1845087 VanVeen the Middleweight Champion (level 27, 174/174 HPs)
             Began as a Vine Stalker Monk on June 16, 2020.
             Was the Champion of Ru.
             Escaped with the Orb
             ... and 3 runes on June 17, 2020!
             The game lasted 03:16:00 (62866 turns).

VanVeen the Middleweight Champion (VSMo)           Turns: 62866, Time: 03:16:01

Health: 174/174    AC: 44    Str: 26    XL:     27
Magic:  37/37      EV: 18    Int:  6    God:    Ru [******]
Gold:   4341       SH:  0    Dex: 25    Spells: 31/32 levels left

rFire    + . .     SeeInvis .     - Unarmed
rCold    . . .     Gourm    .   (shield unavailable)
rNeg     . . .     Faith    .   R - +10 gold dragon scales
rPois    +         Spirit   +   O - +0 helmet of the Fiddle {rF+ Slay+5} (curse)
rElec    .         Reflect  .   Z - +0 cloak of the Final Shrikes {*Contam Regen+ MP+9}
rCorr    .         Harm     .   Q - +2 pair of gloves {Str+3}
MR       +++..                  y - +2 pair of boots {run}
Stlth    ..........             l - amulet of regeneration
HPRegen  1.99/turn              (ring unavailable)
MPRegen  0.25/turn              K - ring of Dyt Funorch {Wiz Dex+4 Slay+6}

@: mighty, studying 2 skills, quick
A: fangs 3, dopey 2, regeneration 2, magic shield, antimagic bite, no potion
heal 3, rot immunity, inability to drink while threatened, missing a hand,
temperature sensitive
0: Orb of Zot
}: 3/15 runes: decaying, serpentine, silver
a: Draw Out Power, Power Leap, Apocalypse, Renounce Religion


You escaped.
You worshipped Ru.
Ru was exalted by your worship.
You were not hungry.

You visited 9 branches of the dungeon, and saw 49 of its levels.
You visited 1 bazaar.
You also visited: Trove, Ossuary, Ice Cave, Volcano and Wizlab.

You collected 8682 gold pieces.
You spent 4341 gold pieces at shops.

Inventory:

Armour
 q - the cursed +0 pair of gloves of the Meadowlark {+Fly rC+++ MR- MP-9}
   (You found it on level 5 of the Vaults)

   It renders you almost immune to cold.
   It affects your resistance to hostile enchantments.
   It affects your magic capacity (-9).
   It lets you fly.
   It has a curse placed upon it.
 y - a +2 pair of boots of running (worn)
 L - a +1 pair of boots of flying
 O - the cursed +0 helmet of the Fiddle (worn) {rF+ Slay+5}
   (You bought it in a shop on level 4 of the Depths)

   It affects your accuracy and damage with ranged weapons and melee attacks
   (+5).
   It protects you from fire.
   It has a curse placed upon it.
 Q - a +2 pair of gloves of strength (worn)
 R - +10 gold dragon scales (worn)
 Z - the +0 cloak of the Final Shrikes (worn) {*Contam Regen+ MP+9}
   (You found it on level 3 of the Elven Halls)

   It affects your magic capacity (+9).
   It causes magical contamination when unequipped.
   It increases your rate of regeneration.
Jewellery
 l - an amulet of regeneration (around neck)
 m - an uncursed ring of protection from fire
 B - the ring of Leaves {Wiz rPois rC+}
   (You found it in a treasure trove)

   [ring of wizardry]

   It improves your spell success rate.
   It protects you from cold.
   It protects you from poison.
 I - an uncursed ring of protection from magic
 K - the ring of Dyt Funorch (right hand) {Wiz Dex+4 Slay+6}
   (You bought it in a shop on level 2 of the Depths)

   [ring of wizardry]

   It improves your spell success rate.
   It affects your dexterity (+4).
   It affects your accuracy and damage with ranged weapons and melee attacks
   (+6).
 M - an uncursed ring of resist corrosion
Wands
 k - a wand of clouds (2)
 v - a wand of iceblast (82)
 G - a wand of acid (13)
Scrolls
 f - 10 scrolls of fog
 h - 20 scrolls of teleportation
 i - 21 scrolls of identify
 j - a scroll of magic mapping
 o - a scroll of enchant armour
 z - 17 scrolls of amnesia
 A - a scroll of fear
 C - 25 scrolls of remove curse
 J - 2 scrolls of silence
 S - 2 scrolls of summoning
Potions
 a - 13 potions of flight
 b - 7 potions of haste
 c - 7 potions of ambrosia
 g - 3 potions of might
 n - 12 potions of lignification
 p - 4 potions of magic
 s - 8 potions of brilliance
 t - 25 potions of curing
 u - 2 potions of invisibility
 w - 2 potions of berserk rage
 x - 5 potions of mutation
 D - 4 potions of resistance
 E - 3 potions of stabbing
Books
 d - a manual of Hexes
 r - a manual of Charms
Comestibles
 e - 76 rations
 F - 2 chunks of flesh


   Skills:
 O Level 27 Fighting
 + Level 19.7 Armour
 - Level 15.6 Dodging
 - Level 2.4 Stealth
 O Level 27 Unarmed Combat
 - Level 3.0 Spellcasting
 - Level 3.0 Charms


You had 31 spell levels left.
You knew the following spells:

 Your Spells              Type           Power        Failure   Level  Hunger
b - Summon Butterflies    Summ           #.......     87%         1    ##.....

Your spell library contained the following spells:

 Spells                   Type           Power        Failure   Level  Hunger
 Infusion                 Chrm           #...         47%         1    ##.....
 Song of Slaying          Chrm           #.......     61%         2    ###....
 Shroud of Golubria       Chrm/Tloc      #.....       82%         2    ###....
 Animate Skeleton         Necr           N/A          87%         1    ##.....
 Apportation              Tloc           #.....       87%         1    ##.....
 Corona                   Hex            #......      87%         1    ##.....
 Foxfire                  Conj/Fire      #...         87%         1    ##.....
 Freeze                   Ice            #...         87%         1    ##.....
 Magic Dart               Conj           #...         87%         1    ##.....
 Pain                     Necr           #...         87%         1    ##.....
 Sandblast                Erth           #.....       87%         1    ##.....
 Shock                    Conj/Air       #...         87%         1    ##.....
 Sting                    Tmut/Pois      #...         87%         1    ##.....
 Summon Small Mammal      Summ           #...         87%         1    ##.....
 Blink                    Tloc           N/A          95%         2    ###....
 Call Imp                 Summ           #.......     95%         2    ###....
 Corpse Rot               Necr/Air       N/A          95%         2    ###....
 Ensorcelled Hibernation  Hex/Ice        #.....       95%         2    ###....
 Passwall                 Tmut/Erth      #.......     95%         2    ###....
 Poisonous Vapours        Pois/Air       #.....       95%         2    ###....
 Slow                     Hex            #.......     95%         2    ###....
 Ozocubu's Armour         Chrm/Ice       #.......     96%         3    ####...
 Spectral Weapon          Hex/Chrm       #.......     96%         3    ####...
 Call Canine Familiar     Summ           #.......     99%         3    ####...
 Confusing Touch          Hex            #.......     99%         3    ####...
 Conjure Flame            Conj/Fire      #.......     99%         3    ####...
 Dazzling Flash           Conj/Hex       #.....       99%         3    ####...
 Frozen Ramparts          Ice            #.....       99%         3    ####...
 Gell's Gravitas          Tloc           #.........   99%         3    ####...
 Ignite Poison            Fire/Tmut/Pois #.......     99%         3    ####...
 Inner Flame              Hex/Fire       #.......     99%         3    ####...
 Lesser Beckoning         Tloc           #.........   99%         3    ####...
 Mephitic Cloud           Conj/Pois/Air  #.......     99%         3    ####...
 Portal Projectile        Hex/Tloc       #.....       99%         3    ####...
 Recall                   Summ/Tloc      N/A          99%         3    ####...
 Stone Arrow              Conj/Erth      #.....       99%         3    ####...
 Summon Guardian Golem    Hex/Summ       #.......     99%         3    ####...
 Teleport Other           Tloc           #.......     99%         3    ####...
 Tukima's Dance           Hex            #.......     99%         3    ####...
 Airstrike                Air            #.........   100%        4    #####..
 Animate Dead             Necr           N/A          100%        4    #####..
 Cause Fear               Hex            #.........   100%        4    #####..
 Dispel Undead            Necr           #.......     100%        4    #####..
 Fulminant Prism          Conj/Hex       #.........   100%        4    #####..
 Hailstorm                Conj/Ice       #.......     100%        4    #####..
 Iskenderun's Mystic Bla  Conj/Tloc      #.......     100%        4    #####..
 Leda's Liquefaction      Hex/Erth       #.........   100%        4    #####..
 Olgreb's Toxic Radiance  Pois           #.......     100%        4    #####..
 Petrify                  Tmut/Erth      #.......     100%        4    #####..
 Sticky Flame             Conj/Fire      #.......     100%        4    #####..
 Summon Ice Beast         Ice/Summ       #.......     100%        4    #####..
 Summon Lightning Spire   Summ/Air       #.......     100%        4    #####..
 Alistair's Intoxication  Tmut/Pois      #.......     100%        5    ######.
 Aura of Abjuration       Summ           #.........   100%        5    ######.
 Bolt of Magma            Conj/Fire/Erth #.........   100%        5    ######.
 Borgnjor's Vile Clutch   Necr/Erth      #.........   100%        5    ######.
 Excruciating Wounds      Chrm/Necr      #.........   100%        5    ######.
 Fireball                 Conj/Fire      #.........   100%        5    ######.
 Iskenderun's Battlesphe  Conj/Chrm      #.......     100%        5    ######.
 Silence                  Hex/Air        #.........   100%        5    ######.
 Summon Demon             Summ           #.........   100%        5    ######.
 Summon Forest            Summ/Tloc      #.........   100%        5    ######.
 Summon Mana Viper        Hex/Summ       #.......     100%        5    ######.
 Yara's Violent Unravell  Hex/Tmut       #.........   100%        5    ######.
 Conjure Ball Lightning   Conj/Air       #.........   100%        6    #######
 Dispersal                Tloc           #.........   100%        6    #######
 Eringya's Noxious Bog    Tmut/Pois      #.........   100%        6    #######
 Hydra Form               Tmut           #.........   100%        6    #######
 Invisibility             Hex            #.......     100%        6    #######
 Iron Shot                Conj/Erth      #.........   100%        6    #######
 Ozocubu's Refrigeration  Ice            #.........   100%        6    #######
 Shadow Creatures         Summ           N/A          100%        6    #######
 Simulacrum               Ice/Necr       #.........   100%        6    #######
 Statue Form              Tmut/Erth      #........    100%        6    #######
 Dragon Form              Tmut           #.........   100%        7    #######
 Orb of Destruction       Conj           #.........   100%        7    #######
 Spellforged Servitor     Conj/Summ      #.........   100%        7    #######
 Summon Hydra             Summ           #.........   100%        7    #######
 Controlled Blink         Tloc           N/A          100%        8    #######
 Discord                  Hex            #.........   100%        8    #######
 Disjunction              Tloc           #.........   100%        8    #######
 Dragon's Call            Summ           #.........   100%        9    #######
 Passage of Golubria      Tloc           Unusable     N/A         4    N/A

Dungeon Overview and Level Annotations

Branches:
Dungeon (15/15)            Temple (0/1) D:7            Lair (6/6) D:8
  Swamp (4/4) Lair:2        Snake (4/4) Lair:3        Slime (0/5) Lair:6
    Orc (2/2) D:10            Elf (3/3) Orc:2        Vaults (5/5) D:13
  Crypt (0/3) Vaults:3     Depths (5/5) D:15            Zot (5/5) Depths:5
Ossuary (visited)           IceCv (visited)         Volcano (visited)
 WizLab (visited)

Altars:
Ashenzari
Cheibriados
Dithmenos
Fedhas
Gozag
Hepliaklqana
Makhleb
Nemelex Xobeh
Ru
Sif Muna
Wu Jian
Xom
Yredelemnul
Zin
The Shining One
Beogh
Jiyva

Shops:
D:6 [   D:10 (   Orc:2 ==}([(   Snake:1 %!:}   Snake:2 (?   Snake:4 (
Vaults:4 =   Depths:1 %   Depths:2 =}=   Depths:4 [[%(:[   Depths:5 }[(

Portals:
Hell: Depths:1 Depths:2 Depths:3 Depths:4 Depths:5
Abyss: Depths:1 Depths:4
Pandemonium: Depths:3 Depths:4 Depths:5
Ziggurat: Depths:1

Annotations:
Lair:4 exclusion: oklob plant
Elf:2 2 runed translucent doors
Depths:2 1 transporter


Innate Abilities, Weirdness & Mutations

You have razor-sharp teeth.
You heal very quickly.
When hurt, damage is shared between your health and your magic reserves.
Your bite disrupts and absorbs the magic of your enemies.
Potions cannot restore your health.
You are immune to rotting.
You cannot drink potions while threatened.
You are missing a hand.
You are sensitive to extremes of temperature. (rF-, rC-)
You are very dopey. (Int -4)


Message History

Unknown command.
You pulverise the sun demon!!!
You kill the sun demon!
Unknown command.
A green death comes into view.
An Orb Guardian comes into view.
The green death gestures at you.
The Orb Guardian is stunned by your will and fails to attack.
The Orb Guardian hits you!
You feel less exhausted.
Things that are here:
a +0 club x2
Your extra speed is starting to run out.
There is an open door here.
You open the door.
There is an open door here.
You feel yourself slow down.
There is an open door here.
There is a staircase leading out of the dungeon here.
You have escaped!

#.....# #.....# #...... #####
#...... #...# #......
#.#+#############......
##########.'.'.....##...........
#..........#.##'##.##...........
##.########.#.#.@.#.##......###..
...# #.#.#...#.##......# #.. ####
#.#.##+##.###########.. #
#.#.......######....... #
#X#########....#.###..# #
#.#...X........#.# #..# #
#)#.######.....#☼# #..# #
#.#.#.##.#....°°○###☼○2
#.#X#....#....°○○°☼○...


There were no monsters in sight!

Vanquished Creatures
  3 ancient liches
  A pandemonium lord (D:1)
  The ghost of Beclu the Imperceptible, a legendary GnSk of Dithmenos (Zot:2)
  3 orbs of fire
  The ghost of Toelubet the Slayer, a veteran CeHu of Okawaru (Zot:2)
  10 Killer Klowns
  2 curse toes
  11 golden dragons
  Nikola (Snake:4)
  A profane servitor (Zot:1)
  2 bone dragons (Depths:5)
  3 electric golems
  4 liches
  22 tentacled monstrosities
  A Cloud Mage (WizLab)
  An Ice Fiend (Zot:1)
  Asterion (Snake:2)
  25 Orb Guardians (Zot:5)
  Rupert (D:15)
  2 deep elf blademasters (Elf:3)
  8 quicksilver dragons
  A deep elf master archer (Elf:3)
  9 titans
  11 death cobs
  6 sphinxes
  Kirke (Swamp:1)
  Frances (Swamp:2)
  18 storm dragons
  11 shadow dragons
  3 thorn hunters
  17 tengu reavers
  Agnes (D:15)
  6 draconian monks
  6 nagarajas
  17 fire giants
  8 deep elf sorcerers
  3 orc warlords
  A ghost moth (Zot:4)
  22 vault wardens
  4 draconian knights
  3 iron dragons
  A balrug (D:6)
  Louise (Snake:4)
  5 draconian scorchers
  17 frost giants
  Aizul (Vaults:4)
  9 draconian shifters
  3 draconian stormcallers
  A ghoul (Vaults:5)
  2 blood saints
  19 ironheart preservers
  10 deep elf elementalists
  A juggernaut skeleton (Depths:2)
  2 war gargoyles
  A caustic shrike skeleton (Depths:3)
  3 spriggan defenders
  9 draconian annihilators
  17 stone giants
  3 entropy weavers
  5 vampire knights
  9 very ugly things
  6 green draconians
  4 deep elf demonologists
  A lorocyproca (D:1)
  4 spark wasps
  13 black draconians
  9 purple draconians
  17 red draconians
  13 yellow draconians
  8 deep elf annihilators
  14 white draconians
  Snorg (Orc:1)
  11 ettins
  6 blizzard demons
  2 crystal guardians (Vaults:5)
  9 deep elf high priests
  17 fire dragons
  Josephine (D:15)
  8 deep elf death magi
  6 jiangshi
  18 naga warriors
  17 great orbs of eyes
  29 yaktaur captains
  3 shambling mangroves
  Harold (D:10)
  9 rakshasas
  39 vault guards
  14 hydras
  14 ice dragons
  6 spriggan air magi
  3 death knights
  Erica (Orc:1)
  13 anacondas
  A monstrous demonspawn (Zot:5)
  5 ghost crabs
  15 centaur warriors
  A two-headed ogre (shapeshifter) (Depths:3)
  39 two-headed ogres
  A merfolk avatar (Lair:6)
  13 deep troll shamans
  5 death yaks (Lair:3)
  9 deep troll earth magi
  3 tengu warriors
  6 alligators
  21 ogre magi
  An orc high priest (Orc:2)
  3 vampire magi
  9 naga sharpshooters
  18 dancing weapons
  Urug (Lair:3)
  12 shock serpents
  A sun demon (D:1)
  16 spriggans
  Nergalle (D:10)
  A soul eater (Depths:2)
  16 deep elf knights
  8 spriggan berserkers
  6 iron trolls
  4 flayed ghosts
  9 skeletal warriors (Vaults:3)
  15 hell knights
  5 salamander mystics
  2 death drakes (WizLab)
  A deep troll (shapeshifter) (Depths:3)
  A cherub (D:7)
  12 wizards
  3 gelid demonspawn
  4 spriggan druids
  A glowing orange brain (shapeshifter) (Depths:5)
  A shadow demon (Depths:5)
  12 naga ritualists
  9 unseen horrors
  An unseen horror (shapeshifter) (Depths:4)
  28 deep trolls
  10 swamp dragons
  9 glowing orange brains
  2 sea snakes (Snake:2)
  The ghost of Ludicrosity the Shield-Bearer, a novice GrFi of Makhleb (D:8)
  6 phantasmal warriors
  An orange crystal statue (Zot:5)
  A swamp dragon (shapeshifter) (Vaults:5)
  A tengu zombie (Depths:2)
  2 lindwurms
  20 orc knights
  14 ironbrand convokers
  4 harpies (Vaults:3)
  20 deep elf archers
  8 wolf spiders
  2 tengu skeletons
  17 necromancers
  4 cyclopes
  A manticore (shapeshifter) (Depths:3)
  9 mana vipers
  5 orc sorcerers
  An iron dragon skeleton (Vaults:5)
  A sphinx skeleton (Vaults:3)
  2 shadow dragon skeletons
  7 salamanders
  24 ugly things
  2 stone giant skeletons
  A cyclops (shapeshifter) (Depths:4)
  3 manticores
  66 deep elf magi
  2 salamanders (shapeshifter)
  14 naga magi
  20 moths of wrath
  Maurice (D:10)
  4 apocalypse crabs (WizLab)
  A black mamba (shapeshifter) (Depths:3)
  6 guardian serpents
  18 vault sentinels
  2 frost giant skeletons (Vaults:3)
  A water nymph (shapeshifter) (Vaults:5)
  10 elephants (Lair:6)
  19 spiny frogs
  42 black mambas
  A fire giant skeleton (Vaults:3)
  A rust devil (Depths:5)
  Maggie (D:10)
  3 gargoyles
  91 yaktaurs
  A hellion (D:10)
  6 rime drakes
  4 centaur skeletons
  16 komodo dragons
  3 efreet
  10 freezing wraiths
  3 ice devils
  A yaktaur skeleton (Vaults:3)
  4 wind drakes
  A red devil (Depths:5)
  9 trolls
  A tengu simulacrum (Vaults:3)
  9 tyrant leeches
  A jumping spider (Vaults:5)
  A polar bear (shapeshifter) (Depths:3)
  2 tengu conjurers
  A meliai (shapeshifter) (Vaults:2)
  A wind drake (shapeshifter) (Depths:3)
  24 hornets
  2 jumping spiders (shapeshifter)
  A hornet (shapeshifter) (Vaults:2)
  4 polar bears (Lair:6)
  8 hippogriffs
  A snapping turtle (shapeshifter) (D:14)
  6 bog bodies
  5 dream sheep (Lair:6)
  2 shadows
  39 slime creatures
  20 blink frogs
  18 air elementals
  4 redbacks
  A spriggan (shapeshifter) (Vaults:5)
  An ettin skeleton (Vaults:3)
  8 wraiths
  A yak (shapeshifter) (Depths:3)
  4 water elementals
  8 large abominations
  3 fire elementals
  25 yaks
  2 wyverns
  A basilisk (Lair:1)
  A human (D:7)
  A human (shapeshifter) (Vaults:1)
  A golden eye (shapeshifter) (Vaults:5)
  4 hogs
  3 hogs (shapeshifter)
  A yaktaur simulacrum (Vaults:1)
  A chaos spawn (Depths:1)
  13 vampire mosquitoes
  A steam dragon (D:13)
  A neqoxec (D:1)
  8 wargs
  4 hungry ghosts
  9 insubstantial wisps
  16 swamp worms
  62 nagas
  10 water moccasins
  An acid dragon (D:14)
  2 floating eyes (Elf:2)
  7 porcupines
  5 sky beasts
  2 black bears (shapeshifter)
  42 orc warriors
  11 swamp drakes
  An ettin simulacrum (Vaults:1)
  A necrophage (D:12)
  4 black bears
  9 ice beasts
  4 phantoms
  41 ogres
  2 eyes of draining
  14 crocodiles
  15 boggarts
  12 wolves
  2 elf skeletons (Vaults:3)
  20 centaurs
  8 elf zombies
  A big kobold (D:10)
  20 bullfrogs
  A glowing shapeshifter simulacrum (Vaults:3)
  3 small abominations
  2 earth elementals
  A wyvern zombie (D:10)
  3 scorpions
  5 troll zombies
  6 killer bees (D:8)
  3 electric eels
  7 howler monkeys
  A bullfrog zombie (D:9)
  8 crimson imps
  7 jellies
  8 centaur zombies
  28 orc priests
  4 hounds
  4 human zombies
  5 bullfrog skeletons
  3 iguanas
  25 orc wizards
  14 worker ants
  7 hell rats (Lair:2)
  6 ogre zombies
  A hound skeleton (D:10)
  A worker ant zombie (D:6)
  7 mummies (Ossuary)
  11 adders
  17 river rats (Lair:2)
  3 shadow imps
  12 white imps (D:12)
  5 oozes
  4 adder zombies (Ossuary)
  4 worms
  A dart slug (D:1)
  7 leopard geckos
  123 orcs
  A ball python (D:1)
  4 bats
  5 giant cockroaches
  6 goblins
  6 hobgoblins
  10 jackals
  11 kobolds
  9 quokkas
  9 frilled lizards
  4 goblin skeletons (D:10)
  4 goblin zombies (D:10)
  6 hobgoblin zombies
  4 kobold zombies (Ossuary)
  An orc skeleton (D:10)
  15 orc zombies (D:10)
  5 quokka zombies (Ossuary)
  12 rats
  3 rat zombies (Ossuary)
  5 briar patches
  A crawling corpse (Elf:3)
  3 fungi
  4 plants
2587 creatures vanquished.

Vanquished Creatures (collateral kills)
  A centaur warrior (Depths:1)
1 creature vanquished.

Vanquished Creatures (others)
  2 deep elf blademasters (Elf:3)
  A sphinx (Vaults:5)
  A fire giant (Depths:3)
  An ettin (Vaults:5)
  2 hydras
  2 vault guards
  A rakshasa (Depths:3)
  A shambling mangrove (Swamp:4)
  A spriggan air mage (WizLab)
  2 two-headed ogres
  An alligator (Swamp:2)
  3 deep elf knights
  A salamander mystic (Snake:4)
  A deep troll (Vaults:1)
  A spriggan druid (Swamp:4)
  A sea snake (Snake:2)
  A harpy (Vaults:3)
  2 deep elf magi
  An apocalypse crab (WizLab)
  A yaktaur (Depths:5)
  A troll (D:12)
  A blink frog (Lair:1)
  3 slime creatures
  A spriggan (Swamp:4)
  4 humans (Swamp:2)
  A yak (Lair:4)
  A swamp worm (Swamp:4)
  A water moccasin (Lair:6)
  A swamp drake (Swamp:4)
  2 orc warriors
  3 boggarts
  3 ogres
  A small abomination (Depths:1)
  An elf zombie (Elf:1)
  An adder (D:6)
  A shadow imp (D:15)
  An adder zombie (Ossuary)
  A worm (D:2)
  5 orcs
  A frilled lizard (D:4)
  A briar patch (Swamp:4)
  22 fungi
  20 plants
  6 toadstools (Swamp:1)
110 creatures vanquished.

Grand Total: 2698 creatures vanquished

Notes
Turn   | Place    | Note
-------+----------+-------------------------------------------
     0 | D:1      | VanVeen the Vine Stalker Monk began the quest for the Orb.
     0 | D:1      | Reached XP level 1. HP: 11/11 MP: 2/2
    59 | D:1      | Reached XP level 2. HP: 12/16 MP: 1/3
  1006 | D:1      | Reached XP level 3. HP: 19/19 MP: 4/4
  1101 | D:2      | Found an ornate altar of the Wu Jian Council.
  1252 | D:2      | Found a shimmering altar of Xom.
  1258 | D:2      | Found a sacrificial altar of Ru.
  1262 | D:2      | Found a blossoming altar of Fedhas.
  1281 | D:2      | Became a worshipper of Ru the Awakened
  1301 | D:2      | Gained mutation: You are missing a hand. [Ru sacrifice]
  1301 | D:2      | Reached * piety under Ru
  1301 | D:2      | Reached ** piety under Ru
  1301 | D:2      | Reached *** piety under Ru
  1323 | D:2      | Found an opulent altar of Gozag.
  2016 | D:2      | Gained mutation: Your natural rate of healing is unusually
                  | fast. [Vine Stalker growth]
  2016 | D:2      | Reached XP level 4. HP: 23/23 MP: 5/5
  2274 | D:3      | Reached skill level 5 in Unarmed Combat
  2452 | D:3      | Found a shattered altar of Ashenzari.
  2474 | D:3      | Reached XP level 5. HP: 27/27 MP: 6/6
  2513 | D:3      | Found a faded altar of an unknown god.
  3169 | D:4      | Noticed an ogre
  3178 | D:4      | Killed an ogre
  3178 | D:4      | Reached XP level 6. HP: 14/32 MP: 3/7
  3465 | D:4      | Gained mutation: You are sensitive to extremes of
                  | temperature. (rF-, rC-) [Ru sacrifice]
  3465 | D:4      | Reached **** piety under Ru
  3465 | D:4      | Reached ***** piety under Ru
  3494 | D:4      | Found a burning altar of Makhleb.
  3937 | D:5      | Entered Level 5 of the Dungeon
  4022 | D:5      | Noticed an ice beast
  4048 | D:5      | Killed an ice beast
  4106 | D:5      | Reached XP level 7. HP: 37/37 MP: 8/8
  4198 | D:5      | Reached skill level 1 in Armour
  4302 | D:5      | Found a shadowy altar of Dithmenos.
  4437 | D:5      | Found a glowing silver altar of Zin.
  4614 | D:6      | Found Adietuwol's Antique Armour Boutique.
  4743 | D:6      | Gained mutation: You have razor-sharp teeth. [Vine Stalker
                  | growth]
  4743 | D:6      | Reached XP level 8. HP: 33/42 MP: 7/9
  4878 | D:6      | Reached skill level 5 in Fighting
  5048 | D:6      | Gained mutation: You cannot drink potions while threatened.
                  | [Ru sacrifice]
  5048 | D:6      | Reached ****** piety under Ru
  5148 | D:6      | Found a snail-covered altar of Cheibriados.
  5635 | D:7      | Found a sand-covered staircase.
  5645 | Ossuary  | Entered an ossuary
  5808 | Ossuary  | Reached XP level 9. HP: 48/48 MP: 10/10
  6563 | D:7      | Found a staircase to the Ecumenical Temple.
  7188 | D:7      | Reached XP level 10. HP: 42/55 MP: 9/11
  7434 | D:8      | Found a staircase to the Lair.
  7452 | D:8      | Found a shimmering blue altar of Sif Muna.
  7521 | D:8      | Found a runed translucent gate.
  7522 | D:8      | Found a runed translucent gate.
  7523 | D:8      | Found a runed translucent gate.
  7524 | D:8      | Found a roughly hewn altar of Beogh.
  7526 | D:8      | Noticed Ludicrosity's ghost (novice GrFi)
  7526 | D:8      | Identified the +0 plate armour "Siephor" {rF+ Regen+ Str+3}
  7568 | D:8      | Reached skill level 5 in Dodging
  7568 | D:8      | Reached skill level 10 in Unarmed Combat
  7574 | D:8      | Killed Ludicrosity's ghost
  8087 | D:8      | Noticed a two-headed ogre
  8099 | D:8      | Killed a two-headed ogre
  8371 | D:8      | Reached skill level 5 in Armour
  8788 | D:9      | Reached XP level 11. HP: 62/62 MP: 12/12
  9378 | D:9      | Found a sparkling altar of Nemelex Xobeh.
  9779 | D:9      | Identified a scroll of acquirement
  9782 | D:10     | Entered Level 10 of the Dungeon
  9809 | D:10     | Found Oxtety's Weapon Boutique.
  9869 | D:10     | Noticed Nergalle
  9893 | D:10     | Killed Nergalle
  9893 | D:10     | Reached skill level 1 in Charms
 10024 | D:10     | Found a staircase to the Orcish Mines.
 10060 | D:10     | Noticed Maurice
 10072 | D:10     | Killed Maurice
 10479 | D:10     | Noticed Maggie
 10489 | D:10     | Killed Maggie
 10665 | D:10     | Noticed Harold
 10676 | D:10     | Killed Harold
 10740 | Orc:1    | Entered Level 1 of the Orcish Mines
 10872 | D:11     | Got a distressingly furry chain mail
 10885 | D:11     | Identified the +2 chain mail of Ykafolokh {Regen+} (You
                  | found it on level 11 of the Dungeon)
 10988 | D:11     | Found a portal to a secret trove of treasure.
 11120 | D:11     | Noticed a green ugly thing
 11128 | D:11     | Killed a green ugly thing
 11140 | D:11     | Got a colourful robe
 11152 | D:11     | Identified the +1 robe of the Lost Path {+Fly Regen+ Dex+2}
                  | (You found it on level 11 of the Dungeon)
 11186 | D:11     | Noticed a cyclops
 11187 | D:11     | Noticed a manticore
 11201 | D:11     | Killed a manticore
 11201 | D:11     | Reached skill level 10 in Fighting
 11201 | D:11     | Reached skill level 1 in Spellcasting
 11209 | D:11     | Killed a cyclops
 11211 | D:11     | Noticed an unseen horror
 11213 | D:11     | Killed an unseen horror
 11421 | D:11     | Noticed an unseen horror
 11423 | D:11     | Killed an unseen horror
 11505 | D:11     | Gained mutation: You heal very quickly. [Vine Stalker
                  | growth]
 11505 | D:11     | Reached XP level 12. HP: 65/67 MP: 13/16
 11923 | D:8      | Identified Sif Muna's Almanac of the Rocks
 12098 | D:11     | Identified the Tome of Attacks and Ice
 12121 | D:11     | Got a masterwork plate armour
 12709 | D:12     | Identified the +6 plate armour of the Past {+Fly MR-
                  | Slay+3} (You found it on level 11 of the Dungeon)
 13047 | D:12     | Found a frozen archway.
 13073 | IceCv    | Entered an ice cave
 13079 | IceCv    | Found a transporter.
 13519 | Lair:1   | Entered Level 1 of the Lair of Beasts
 14530 | Lair:2   | Noticed a five-headed hydra
 14562 | Lair:2   | Killed a five-headed hydra
 14562 | Lair:2   | Reached XP level 13. HP: 60/74 MP: 15/18
 15399 | Lair:2   | Found a staircase to the Swamp.
 15526 | Lair:3   | Noticed Urug
 15546 | Lair:3   | Killed Urug
 15670 | Lair:3   | Found a staircase to the Snake Pit.
 15898 | Lair:3   | Found a dark tunnel.
 15903 | Volcano  | Entered a volcano
 17270 | D:11     | You paid a toll of a +7 demon trident to enter a treasure
                  | trove
 17271 | Trove    | Entered a treasure trove
 17287 | Trove    | Identified Sif Muna's Disquisition on the Mountains and
                  | Dark Secrets
 17306 | Trove    | Reached XP level 14. HP: 81/81 MP: 19/19
 17325 | Trove    | Got a heavily runed silver amulet
 17327 | Trove    | Got a wavering bone ring
 17329 | Trove    | Got a translucent platinum ring
 17381 | D:11     | Identified the amulet of Dojeh {RegenMP *Corrode rF-
                  | Str+10} (You found it in a treasure trove)
 17382 | D:11     | Identified the ring "Porphaown" {rPois Str-4 SInv Stlth+}
                  | (You found it in a treasure trove)
 17383 | D:11     | Identified the ring of Leaves {Wiz rPois rC+} (You found it
                  | in a treasure trove)
 17438 | Orc:2    | Entered Level 2 of the Orcish Mines
 17438 | Orc:2    | Found Exkoaps's Gadget Shoppe.
 17438 | Orc:2    | Found Wikeiboe's Jewellery Shoppe.
 17467 | Orc:2    | Noticed Snorg
 17484 | Orc:1    | Killed Snorg
 17511 | Orc:2    | Reached XP level 15. HP: 54/85 MP: 11/20
 17683 | Orc:2    | Found a staircase to the Elven Halls.
 17741 | Orc:1    | Reached skill level 15 in Unarmed Combat
 17849 | Orc:1    | Noticed Erica
 17859 | Orc:1    | Killed Erica
 18168 | Orc:2    | Noticed an orc warlord
 18215 | Orc:1    | Killed an orc warlord
 18398 | Orc:2    | Found a roughly hewn altar of Beogh.
 18400 | Orc:2    | Found Univiny's Jewellery Boutique.
 18544 | Orc:2    | Found a roughly hewn altar of Beogh.
 18652 | Orc:2    | Paralysed by an orc sorcerer for 5 turns
 18672 | Orc:2    | Found Vobrer's Antique Armour Boutique.
 18673 | Orc:2    | Found a roughly hewn altar of Beogh.
 18677 | Orc:2    | Found Ryfok's Antique Weapon Shop.
 18827 | Orc:2    | Found a roughly hewn altar of Beogh.
 18828 | Orc:2    | Found Zalupn's Antique Weapon Shoppe.
 18880 | Orc:2    | Found a roughly hewn altar of Beogh.
 19059 | Orc:2    | Bought a smoking chain mail for 285 gold pieces
 19059 | Orc:2    | Bought a black opal-encrusted chain mail for 285 gold
                  | pieces
 19061 | Orc:2    | Identified the +8 chain mail "Motanuim" {Int+3} (You bought
                  | it in a shop on level 2 of the Orcish Mines)
 19062 | Orc:2    | Identified the +6 chain mail of Negligence {MR+} (You
                  | bought it in a shop on level 2 of the Orcish Mines)
 19445 | Orc:1    | Found a roughly hewn altar of Beogh.
 19734 | Snake:1  | Entered Level 1 of the Snake Pit
 20432 | Lair:6   | Entered Level 6 of the Lair of Beasts
 20616 | Lair:6   | Found a runed translucent door.
 20617 | Lair:6   | Found a viscous altar of Jiyva.
 20619 | Lair:6   | Found a staircase to the Slime Pits.
 22034 | D:13     | Reached XP level 16. HP: 93/93 MP: 21/21
 22211 | D:13     | Found a gate to the Vaults.
 22656 | D:14     | Found a snail-covered altar of Cheibriados.
 23023 | D:14     | Got a coiled zirconium amulet
 23051 | D:14     | Identified the amulet "Lopae" {Faith Str+7} (You found it
                  | on level 14 of the Dungeon)
 24112 | D:15     | Entered Level 15 of the Dungeon
 24144 | D:15     | Noticed Josephine
 24158 | D:15     | Killed Josephine
 24379 | D:15     | Found a hazy altar of Hepliaklqana.
 24483 | D:15     | Found a staircase to the Depths.
 24510 | D:15     | Reached skill level 15 in Fighting
 24664 | D:15     | Noticed Rupert
 24678 | D:15     | Killed Rupert
 24829 | D:15     | Found a shadowy altar of Dithmenos.
 24831 | D:15     | Noticed Agnes
 24846 | D:15     | Killed Agnes
 25151 | Snake:1  | Reached skill level 10 in Armour
 25263 | Snake:1  | Reached XP level 17. HP: 15/99 MP: 22/22
 25267 | Snake:1  | Found a snail-covered altar of Cheibriados.
 25481 | Snake:1  | Found Utuhit's Gadget Shop.
 25481 | Snake:1  | Found Waarhu's Food Boutique.
 25483 | Snake:1  | Found Loipt's Distillery.
 25484 | Snake:1  | Found Ytirph's Book Shop.
 25517 | Snake:1  | Bought a potion of haste for 140 gold pieces
 25517 | Snake:1  | Bought a potion of might for 56 gold pieces
 25906 | Snake:1  | Reached skill level 10 in Dodging
 26515 | Snake:2  | Noticed Asterion
 26913 | Snake:2  | Found Cuzub's Magic Scroll Emporium.
 26921 | Snake:2  | Bought a scroll of blinking for 142 gold pieces
 26921 | Snake:2  | Bought a scroll of fog for 38 gold pieces
 26921 | Snake:2  | Bought a scroll of teleportation for 57 gold pieces
 26921 | Snake:2  | Found Olaodyj's Weapon Emporium.
 27034 | Snake:2  | Noticed an Executioner
 27331 | Snake:2  | HP: 3/100 [Asterion/+3 demon trident of venom (3)]
 27525 | Snake:2  | Gained mutation: You are dopey. (Int -2) [a cacodemon]
 27533 | Snake:2  | Gained mutation: You are very dopey. (Int -4) [a cacodemon]
 27545 | Snake:2  | Killed Asterion
 27760 | Snake:3  | Identified the cursed +0 rapier of the Pits of Slime {elec,
                  | *Noise rN+ Str+3}
 28076 | Snake:3  | Found a shimmering altar of Xom.
 28789 | Snake:4  | Entered Level 4 of the Snake Pit
 28789 | Snake:4  | Noticed Louise
 28992 | Swamp:1  | Entered Level 1 of the Swamp
 29211 | Swamp:1  | Paralysed by a hornet for 1 turns
 29444 | Swamp:1  | Reached XP level 18. HP: 53/105 MP: 18/23
 29880 | Swamp:2  | Noticed Kirke
 29973 | Swamp:1  | Killed Kirke
 30015 | Swamp:2  | Noticed Frances
 30268 | Swamp:2  | Killed Frances
 31695 | Swamp:4  | Entered Level 4 of the Swamp
 32105 | Swamp:4  | Identified the +1 scale mail of Cynicism {Harm +Blink
                  | Int+4}
 32187 | Swamp:4  | Got a decaying rune of Zot
 33018 | Snake:4  | Found Fycirgh's Antique Weapon Shoppe.
 33073 | Snake:4  | Killed Louise
 33497 | Snake:4  | Reached XP level 19. HP: 105/112 MP: 24/24
 33534 | Snake:4  | Noticed Nikola
 33563 | Snake:4  | Killed Nikola
 33761 | Snake:4  | Identified the +7 shortbow "Redwebyi" {venom, rF++ Str+3}
 34998 | Snake:4  | Got a serpentine rune of Zot
 35347 | Vaults:1 | Entered Level 1 of the Vaults
 36376 | Vaults:1 | Reached XP level 20. HP: 95/119 MP: 21/25
 36637 | Vaults:1 | Got a crude garnet amulet
 36638 | Vaults:1 | Identified the amulet "Poti Roguts" {RegenMP MR+ Int+3}
                  | (You found it on level 1 of the Vaults)
 37520 | Vaults:2 | Found a huge runed gate.
 37520 | Vaults:2 | Found a huge runed gate.
 37520 | Vaults:2 | Found a huge runed gate.
 37520 | Vaults:2 | Found a huge runed gate.
 37520 | Vaults:2 | Found a huge runed gate.
 37521 | Vaults:2 | Found a huge runed gate.
 37521 | Vaults:2 | Found a huge runed gate.
 37521 | Vaults:2 | Found a huge runed gate.
 37521 | Vaults:2 | Found a huge runed gate.
 37521 | Vaults:2 | Found a huge runed gate.
 37522 | Vaults:2 | Found a huge runed gate.
 37523 | Vaults:2 | Found a huge runed gate.
 37554 | Vaults:2 | Found a huge runed gate.
 37556 | Vaults:2 | Found a huge runed gate.
 38006 | Vaults:2 | Found a huge runed gate.
 38006 | Vaults:2 | Found a huge runed gate.
 38006 | Vaults:2 | Found a huge runed gate.
 38006 | Vaults:2 | Found a huge runed gate.
 38007 | Vaults:2 | Found a huge runed gate.
 38007 | Vaults:2 | Found a huge runed gate.
 38007 | Vaults:2 | Found a huge runed gate.
 38007 | Vaults:2 | Found a huge runed gate.
 38008 | Vaults:2 | Found a huge runed gate.
 38031 | Vaults:2 | Found a huge runed gate.
 38032 | Vaults:2 | Found a huge runed gate.
 38040 | Vaults:2 | Found a huge runed gate.
 38040 | Vaults:2 | Found a huge runed gate.
 38040 | Vaults:2 | Found a huge runed gate.
 38040 | Vaults:2 | Found a huge runed gate.
 38040 | Vaults:2 | Found a huge runed gate.
 38040 | Vaults:2 | Found a huge runed gate.
 38040 | Vaults:2 | Found a huge runed gate.
 38048 | Vaults:2 | Found a huge runed gate.
 38049 | Vaults:2 | Found a huge runed gate.
 38057 | Vaults:2 | Found a huge runed gate.
 38057 | Vaults:2 | Found a huge runed gate.
 39142 | Vaults:3 | Found a staircase to the Crypt.
 39385 | Vaults:3 | Reached XP level 21. HP: 109/125 MP: 24/26
 40841 | Vaults:4 | Found Foviuxy's Jewellery Shop.
 41604 | Vaults:4 | Identified the Handbook of Harmful Shape Shifting
 41655 | Vaults:4 | Reached XP level 22. HP: 110/131 MP: 23/27
 41982 | Vaults:4 | Noticed Aizul
 41998 | Vaults:4 | Killed Aizul
 42372 | Vaults:5 | Entered Level 5 of the Vaults
 42849 | Depths:1 | Entered Level 1 of the Depths
 43279 | Depths:1 | Found a gateway to a ziggurat.
 43844 | Depths:1 | Found a gateway to Hell.
 43846 | Depths:1 | Found Hiwkum's Food Boutique.
 44125 | Depths:1 | Found a one-way gate to the infinite horrors of the Abyss.
 44602 | Depths:2 | Learned a level 1 spell: Summon Butterflies
 44796 | Depths:2 | Reached XP level 23. HP: 99/138 MP: 28/28
 45044 | Depths:2 | Noticed an ancient lich
 45073 | Depths:2 | Found a shimmering blue altar of Sif Muna.
 45077 | Depths:2 | Found a transporter.
 45455 | Depths:2 | Found Udozxi Ytal's Jewellery Shop.
 45455 | Depths:2 | Found Aqachefaowk's Gadget Emporium.
 45456 | Depths:2 | Found Qoheid's Jewellery Shop.
 45464 | Depths:2 | Bought the ring of Dyt Funorch {Wiz Dex+4 Slay+6} for 988
                  | gold pieces
 45720 | Depths:3 | Found a one-way gate leading to the halls of Pandemonium.
 46888 | Elf:1    | Entered Level 1 of the Elven Halls
 47835 | Elf:1    | Identified the Grimoire of Necromancy
 48068 | Elf:2    | Reached XP level 24. HP: 144/145 MP: 28/28
 48209 | Elf:2    | Found a runed translucent door.
 48234 | Elf:2    | Found a runed translucent door.
 48705 | Elf:2    | Paralysed by a floating eye for 3 turns
 48746 | Elf:3    | Entered Level 3 of the Elven Halls
 49950 | Elf:3    | Identified the +6 ring mail of a treasure trove {rN++ Dex-3
                  | SInv}
 50133 | Elf:3    | Identified the +3 kite shield of Wobecw {Str+3}
 50271 | Elf:3    | Identified Fanis's Wizardry in Simple Steps
 50301 | Elf:3    | Identified the Grimoire of Self-Knowledge
 50320 | Elf:3    | Got a glimmering cloak
 50321 | Elf:3    | Identified the cursed +0 cloak of the Final Shrikes
                  | {*Contam Regen+ MP+9} (You found it on level 3 of the Elven
                  | Halls)
 50900 | Vaults:5 | Noticed an ancient lich
 51075 | Vaults:5 | Reached XP level 25. HP: 110/151 MP: 28/28
 51186 | Vaults:5 | Reached skill level 15 in Armour
 51608 | Vaults:5 | Reached skill level 15 in Dodging
 51800 | Vaults:5 | Killed an ancient lich
 52044 | Vaults:5 | Got a silver rune of Zot
 52349 | Vaults:5 | Got a pair of warped gloves
 52350 | Vaults:5 | Identified the cursed +0 pair of gloves of the Meadowlark
                  | {+Fly rC+++ MR- MP-9} (You found it on level 5 of the
                  | Vaults)
 52432 | Vaults:5 | Identified the Handbook of the Unholy Rocks
 52441 | Vaults:5 | Identified Sif Muna's Reference Book on the Entourage and
                  | Displacement
 52706 | Vaults:5 | Identified the Compendium of the Frigorific Mountains
 53157 | Depths:3 | Reached XP level 26. HP: 149/158 MP: 28/28
 53306 | Depths:3 | Paralysed by a Zot trap for 4 turns
 54114 | Depths:4 | Found Ymagrynu's Book Shoppe.
 54228 | Depths:4 | Found a basalt altar of Yredelemnul.
 54398 | Depths:4 | Found a hazy altar of Hepliaklqana.
 54521 | Depths:4 | Found a shimmering altar of Xom.
 54833 | Depths:4 | Found Anotev's Food Shop.
 54833 | Depths:4 | Found Ucziat's Antique Weapon Emporium.
 54836 | Depths:4 | Found Xeag's Armour Shoppe.
 54836 | Depths:4 | Found Yguamesm's Antique Armour Shop.
 54854 | Depths:4 | Bought a fading helmet for 228 gold pieces
 54855 | Depths:4 | Identified the cursed +0 helmet of the Fiddle {rF+ Slay+5}
                  | (You bought it in a shop on level 4 of the Depths)
 54896 | Depths:4 | Found a snail-covered altar of Cheibriados.
 55043 | Depths:4 | Found a glowing golden altar of the Shining One.
 55179 | Depths:4 | Found Viyk's Antique Armour Emporium.
 55419 | Depths:4 | Reached XP level 27. HP: 151/164 MP: 28/28
 55633 | Depths:5 | Entered Level 5 of the Depths
 55708 | Depths:5 | Found Terchuemo's Weapon Emporium.
 55757 | Depths:5 | Found a flickering gateway to a bazaar.
 55763 | Bazaar   | Entered a bazaar
 55769 | Bazaar   | Found Decun's Magic Scroll Emporium.
 55769 | Bazaar   | Found Ygyrer's Jewellery Shoppe.
 55780 | Bazaar   | Bought a scroll of acquirement for 780 gold pieces
 55780 | Bazaar   | Bought a scroll of acquirement for 780 gold pieces
 55780 | Bazaar   | Bought a scroll of teleportation for 45 gold pieces
 55780 | Bazaar   | Bought a scroll of enchant armour for 112 gold pieces
 55780 | Bazaar   | Bought a scroll of teleportation for 45 gold pieces
 55790 | Bazaar   | Identified a +2 pair of boots of running (You acquired it
                  | in a bazaar)
 55809 | Depths:5 | Found Faisah's Armour Boutique.
 55852 | Depths:5 | Found a magical portal.
 55858 | WizLab   | Entered The Chambers of the Cloud Mage
 56242 | WizLab   | Identified the +1 robe of the Vanishing Ears {Dex+4}
 56302 | WizLab   | Identified Sif Muna's Handbook of Feathers
 56306 | WizLab   | Got a shimmering lapis lazuli ring
 56312 | WizLab   | Identified the cursed ring of the Philosopher {EV-4 Str+3}
                  | (You found it in a wizard's laboratory)
 56971 | Depths:5 | Found Tungetut's Gadget Shoppe.
 57299 | Depths:5 | Found a gate to the Realm of Zot.
 57494 | Zot:1    | Entered Level 1 of the Realm of Zot
 58593 | Zot:1    | Noticed an orb of fire
 58604 | Zot:1    | Killed an orb of fire
 59394 | Orc:2    | Bought a wand of digging (6) for 360 gold pieces
 60089 | Zot:2    | Reached skill level 27 in Unarmed Combat
 60109 | Zot:2    | Found a runed translucent gate.
 60110 | Zot:2    | Found a runed translucent gate.
 60110 | Zot:2    | Found a runed translucent gate.
 60124 | Zot:2    | Noticed Toelubet's ghost (veteran CeHu)
 60124 | Zot:2    | Noticed Beclu's ghost (legendary GnSk)
 60450 | Zot:2    | Killed Toelubet's ghost
 60470 | Zot:2    | Killed Beclu's ghost
 60911 | Zot:5    | Entered Level 5 of the Realm of Zot
 61556 | Zot:5    | Noticed an ancient lich
 61567 | Zot:5    | Killed an ancient lich
 61869 | Zot:5    | Noticed an orb of fire
 61878 | Zot:5    | Killed an orb of fire
 61971 | Zot:5    | Noticed an orb of fire
 61987 | Zot:5    | Killed an orb of fire
 62000 | Zot:5    | Noticed an ancient lich
 62021 | Zot:5    | Killed an ancient lich
 62024 | Zot:5    | Reached skill level 27 in Fighting
 62100 | Zot:5    | Got the Orb of Zot
 62465 | D:14     | Noticed Vefras the pandemonium lord
 62802 | D:1      | Noticed Epponn the pandemonium lord
 62808 | D:1      | Killed Epponn the pandemonium lord
 62866 | D:$      | Escaped with the Orb!

Illustrated notes

Levels and vault maps discovered:
D:1:      ncdulo_smallfort, layout_basic, st_stairs_14, minmay_pentomino_z2
D:2:      layout_loops_ring, overflow_temple_1_default,
          minmay_overflow_temple_star_quad, grunt_gozag_breadcrumbs
D:3:      layout_loops_corners, ashenzari_conservatory_becter, first_ration,
          chequers_ecumenical_altar_simple_redux
D:4:      layout_basic, lightli_temple_of_fire, serial_glass, glass_columns_c,
          glass_columns_b, item_on_display_a, item_on_display_a,
          feat_on_display, due_unseen_surprise
D:5:      layout_loops_ring, overflow_temple_1_default,
          nicolae_overflow_crystal_walls
D:6:      layout_basic, cheibriados_altar_1, serial_shops,
          nicolae_shop_statue_plus, kennysheep_small_square
D:7:      layout_loops_corners, temple_hall, nicolae_ossuary_entry_monument,
          grunt_livestock, hangedman_abyss_or_decor_passed,
          kennysheep_generic_room_13
D:8:      kennysheep_ambush_hall, layout_layer_cave, led_sif_book,
          due_lair_maze_entry_diamond, biasface_ghost_orc_armoury
D:9:      layout_grid_maze, lemuel_round_altar, roderic_lattice_a
D:10:     layout_loops_corners, zombieorc2_lemuel, serial_shops, shop_fountains,
          uniq_harold, uniq_maurice, uniq_nergalle, uniq_maggie
D:11:     minmay_tri_box, layout_basic, enter_trove_6
D:12:     layout_long_grid, portal_ice_cave_entry_imps
D:13:     layout_loops_ring, grunt_vaults_entry_fortified
D:14:     minmay_the_grid_triangle_9x9_rhombus_thin
          [minmay_the_grid_triangle_9x9_empty,
          minmay_the_grid_triangle_9x9_prize_center,
          minmay_the_grid_triangle_9x9_dagger,
          minmay_the_grid_triangle_9x9_minimal], layout_layer_cave, basic_altar,
          minmay_misc_feat_doors
D:15:     grunt_enter_depths_magical_seal, layout_small_grid, basic_altar,
          nicolae_dithmenos_shadow_blocks, uniq_rupert, uniq_josephine,
          uniq_agnes
Lair:1:   layout_layer_cave
Lair:2:   lemuel_ratsnest, layout_misc_corridors,
          nicolae_swamp_entry_splash_gauntlet
Lair:3:   layout_cave_shapes, guppyfry_snake_entry_island,
          nicolae_volcano_entry_s_turn, uniq_urug
Lair:4:   layout_cave_pods, hangedman_lair_unloving_vines,
          infiniplex_staircase_pool, minmay_lair_oklob_chamber
Lair:5:   layout_regular_city
Lair:6:   gammafunk_lair_ancient_temple, layout_regular_city, slime_altar_2,
          lemuel_old_faithful
Swamp:1:  cheibrodos_swamp_tower_of_moss, layout_falls_marsh,
          evilmike_swamp_ruin_house_3, infiniplex_staircase_pool_2
Swamp:2:  layout_falls_marsh, evilmike_swamp_ruin_house_4, uniq_kirke,
          uniq_frances
Swamp:3:  layout_falls_marsh, serial_swamp_ruin, evilmike_swamp_ruin_house_2,
          evilmike_swamp_ruin_house_5, swamp_pool2
Swamp:4:  swamp_alternative, layout_basic_swamp, swamp_pool4
Snake:1:  layout_cave_pods, basic_altar, serial_bayou_shore_b, minmay_shoptagon,
          lemuel_fruit_tree
Snake:2:  layout_onion_interference, minmay_shop_star, serial_bayou_shore_a,
          uniq_asterion
Snake:3:  skrybe_snakes_to_sticks, layout_misc_corridors
Snake:4:  johnstein_snake_rune_scales, layout_cave_town, serial_shops,
          nicolae_shop_crystal, guppyfry_library_mini, uniq_louise, uniq_nikola
Orc:1:    nicolae_orc_accident_2, layout_diamond_mine, uniq_erica
Orc:2:    grunt_orc_community_town_hall, layout_diamond_mine,
          grunt_orc_community_big_house_1, grunt_orc_community_big_house_2,
          grunt_orc_community_house_3, grunt_orc_community_house_2,
          grunt_orc_community_house_1, grunt_orc_community_house_3,
          serial_shops, shop, shop_fountains, nicolae_orc_flooded_monolith,
          elves_outpost_lemuel, uniq_snorg
Elf:1:    layout_geoelf_diagonals, minmay_elf_necromancy
Elf:2:    layout_geoelf_diagonals, onia_ninara_cookie
Elf:3:    minmay_elf_hall_not_hex, layout_onion_city
Vaults:1: vaults_room_grid, nicolae_vaults_network_square, vaults_dpeg_spiral,
          v_misc_16, v_misc_27, v_misc_16, v_alt_pattern_1, v_pattern_5,
          nicolae_vaults_gold_heap, v_alt_pattern_5,
          vaults_room_grunt_arrival_ludios, v_misc_2, layout_vaults_chaotic_city
Vaults:2: hangedman_vaults_nails, vaults_door_vault, ontoclasm_vaults_chip,
          vaults_room_corners, nicolae_vaults_network_star,
          nicolae_vaults_little_squares_4, nicolae_vaults_diagonal_hallway_7,
          vaults_mumra_lcd, nicolae_vaults_yaktaur_gun_rack,
          ontoclasm_vaults_chip, layout_vaults_omnigrid
Vaults:3: nicolae_vaults_octagons, minmay_crypt_entry_skeletal_spiral,
          grunt_vaults_hallway_short, nicolae_vaults_puzzle_piece,
          hangedman_vaults_corner_blocks, v_alt_pattern_4,
          vaults_room_ringed_pool, grunt_vaults_swirl, v_pattern_2,
          hangedman_vaults_corner_blocks, ontoclasm_vaults_pinch,
          layout_vaults_omnibox, uniq_margery
Vaults:4: v_rooms_4, vaults_dpeg_hooks, nicolae_vaults_meeting,
          nicolae_vaults_alarming, hangedman_vaults_impose,
          ontoclasm_vaults_shuriken, nicolae_vaults_rhombus_5, v_misc_17,
          v_misc_26, nicolae_vaults_back_hallway, v_rooms_2, vaults_room_fours,
          v_misc_16, vaults_room_boxed, layout_vaults_maze, serial_shops,
          nicolae_shop_behind_doors, uniq_aizul
Vaults:5: serial_shops
Depths:1: layout_cave_shapes, enter_ziggurat_e,
          hangedman_abyss_or_decor_stagger, minmay_room_of_horrors, hell_entry,
          serial_shops, nicolae_shop_behind_doors, minmay_misc_feat_diagonals,
          hangedman_abyss_or_decor_slice, minmay_tree_intersection,
          lightli_fourway_metalbox
Depths:2: gammafunk_sealed_library, layout_gridlike, minmay_misc_feat_tower,
          hell_entry, minmay_misc_feat_columns, infiniplex_staircase_door_maze,
          minmay_shop_grove
Depths:3: hangedman_pleasuredromes, serial_shops, pan_entry, hell_entry
Depths:4: hangedman_box_tower, layout_cave_shapes, hell_entry, serial_shops,
          nicolae_shop_overgrown_old_shop, nicolae_shop_waterfront, pan_entry,
          nicolae_water_bricks, abyss_entry_small_statue_room, tso_altar
Depths:5: grunt_zot_entry_bicorn, layout_gridville,
          infiniplex_enter_wizlab_spiral, rand_demon_pan_entry_4, hell_entry,
          serial_shops, bzr_entry_safe, shop, shop,
          nicolae_shop_competitors_out_of_business, st_stairs_4
Zot:1:    layout_gridlike, zot_minivault_4, grunt_megastairs_2
Zot:2:    layout_concentric_octagons, gammafunk_ghost_cemetery, st_stairs_13,
          skrybe_zot_glass_2
Zot:3:    grunt_zot_stairs_faceoff, layout_misc_corridors,
          nicolae_zot_crop_circle
Zot:4:    infiniplex_zot_generator, layout_onion
Zot:5:    layout_gridlike, grunt_ministairs_8, hangedman_zot_decor_checkerboard,
          st_stairs_12, hangedman_zot_decor_slant

Skill      XL: |  1  2  3  4  5  6  7  8  9 10 11 12 13 14 15 16 17 18 19 20 21 22 23 24 25 26 27 |
---------------+----------------------------------------------------------------------------------+-----
Unarmed Combat | 4 5 6 7 8 9 11 12 13 14 15 17 18 19 20 21 22 23 24 25 27 | 27.0
Fighting       | 3 4 5 7 9 10 11 12 14 15 16 17 18 19 20 21 22 23 27 | 27.0
Armour         | 1 2 3 5 6 7 8 9 10 11 12 13 14 15 16 19 | 19.7
Dodging        | 3 4 5 6 7 8 9 10 11 12 13 14 15 | 15.6
Charms         | 3 |  3.0
Spellcasting   | 2 3 |  3.0
Stealth        | |  2.4

Action                   |  1- 3 |  4- 6 |  7- 9 | 10-12 | 13-15 | 16-18 | 19-21 | 22-24 | 25-27 || total
-------------------------+-------+-------+-------+-------+-------+-------+-------+-------+-------++-------
Melee: Unarmed           |    89 |   183 |   321 |   686 |   798 |  1507 |  1565 |  1477 |  1855 ||  8481
       Bite              |    24 |    56 |   126 |   292 |   332 |   752 |   802 |   771 |  1159 ||  4314
       Punch             |     1 |       |       |       |       |       |       |       |       ||     1
Throw: Dart              |       |     6 |       |     3 |       |       |       |       |       ||     9
       Throwing net      |       |       |       |       |     2 |       |       |       |       ||     2
Invok: Sacrifice a Hand  |     1 |       |       |       |       |       |       |       |       ||     1
       Sacrifice Resista |       |     1 |       |       |       |       |       |       |       ||     1
       Power Leap        |       |       |     2 |     3 |     1 |    10 |     7 |    13 |     5 ||    41
       Sacrifice Drink   |       |       |     1 |       |       |       |       |       |       ||     1
       Apocalypse        |       |       |       |     2 |     4 |     3 |     1 |     1 |     2 ||    13
       Draw Out Power    |       |       |       |       |       |     2 |     1 |     2 |       ||     5
Evoke: Wand              |       |       |       |     7 |     1 |       |     9 |     3 |     7 ||    27
  Use: Scroll            |       |    10 |    14 |    14 |    14 |    13 |     8 |    12 |    30 ||   115
       Potion            |       |       |       |     1 |     2 |     3 |     1 |     1 |     9 ||    17
 Stab: Sleeping          |     4 |     2 |    14 |       |       |       |       |       |       ||    20
       Invisible         |       |       |     3 |     6 |     7 |    49 |    17 |    17 |    19 ||   118
       Paralysed         |       |       |     3 |    11 |    14 |    15 |    14 |     5 |     6 ||    68
       Distracted        |       |       |       |     4 |     6 |    10 |     5 |     8 |    13 ||    46
       Confused          |       |       |       |       |       |     3 |     6 |     3 |     1 ||    13
  Eat: Chunk             |     2 |     5 |     8 |    20 |    20 |    20 |    14 |    22 |    13 ||   124
       Ration            |       |     1 |     1 |     2 |     2 |     5 |     4 |     3 |     7 ||    25
Armor: Robe              |     3 |       |       |       |       |       |       |       |       ||     3
       Leather armour    |     4 |     2 |    58 |     4 |       |       |       |       |       ||    68
       Ring mail         |       |    33 |     7 |       |       |       |       |       |       ||    40
       Plate armour      |       |       |       |   289 |   317 |   623 |   446 |   530 |    54 ||  2259
       Gold dragon scale |       |       |       |       |       |       |       |       |   636 ||   636
Dodge: Dodged            |    47 |    65 |   135 |   265 |   389 |   800 |   595 |   740 |   675 ||  3711
